 Dungeon Crawl Stone Soup version 0.23.1 (webtiles) character file.

Game seed: 11044586700597196993

808 Borgoz the Cutter (level 7, -4/58 HPs)
             Began as a Ghoul Enchanter on Mar 3, 2019.
             Slain by an iron imp (5 damage)
             ... summoned by Eustachio
             ... on level 5 of the Dungeon.
             The game lasted 00:10:49 (3950 turns).

Borgoz the Cutter (Ghoul Enchanter)                 Turns: 3950, Time: 00:10:50

Health: -4/58      AC:  7    Str: 12    XL:     7   Next: 92%
Magic:  8/8        EV: 11    Int: 10    God:
Gold:   236        SH:  0    Dex: 11    Spells: 6/9 levels left

rFire    + . .     SeeInvis .   a - +2 dagger (venom)
rCold    + . .     Gourm    .   (no shield)
rNeg     + + +     Faith    .   c - +0 ring mail
rPois    ∞         Spirit   .   j - +1 helmet
rElec    .         Reflect  .   (no cloak)
rCorr    .         Harm     .   (no gloves)
MR       .....                  (no boots)
Stlth    ++........             (no amulet)
HPRegen  0.00/turn              s - ring of protection from fire
MPRegen  0.11/turn              (no ring)

@: rotting
A: rotting body, claws 1, carnivore, cold resistance 1, negative energy
resistance 3, inhibited regeneration, torment resistance, unbreathing
a: no special abilities


You were on level 5 of the Dungeon.
You were not hungry.

You visited 1 branch of the dungeon, and saw 6 of its levels.

You collected 236 gold pieces.

Inventory:

Hand Weapons
 a - a +2 dagger of venom (weapon)
 o - a +1 dagger of holy wrath
Armour
 c - a +0 ring mail (worn)
 j - a +1 helmet (worn)
Jewellery
 s - a ring of protection from fire (left claw)
Wands
 b - a wand of digging (6)
Scrolls
 e - a scroll of teleportation {unknown}
 k - a scroll of fog
 q - 3 scrolls of remove curse
Potions
 f - a potion of brilliance
 m - 2 potions of resistance
 n - 2 potions of flight
Comestibles
 d - 15 rations
 g - a chunk of flesh


   Skills:
 + Level 3.9 Fighting
 * Level 4.9 Short Blades
 + Level 3.2 Armour
 + Level 3.8 Dodging
 - Level 3.2 Stealth
 - Level 1.7 Spellcasting
 - Level 2.4 Hexes


You had 6 spell levels left.
You knew the following spells:

 Your Spells              Type           Power        Failure   Level  Hunger
a - Corona                Hex            #......      26%         1    ##.....
b - Ensorcelled Hibernat  Hex/Ice        #.....       54%         2    ###....

Your spell library contained the following spells:

 Spells                   Type           Power        Failure   Level  Hunger
 Confuse                  Hex            #.......     58%         3    ####...
 Tukima's Dance           Hex            #.......     58%         3    ####...
 Dazzling Spray           Conj/Hex       #.....       77%         3    ####...


Dungeon Overview and Level Annotations

Branches:
Dungeon (6/15)
 Temple: D:4-7

Altars:
Qazlal

Annotations:
D:4 Menkaure
D:5 Eustachio


Innate Abilities, Weirdness & Mutations

Your body is rotting away.
You thrive on raw meat.
You are immune to poison.
You have sharp fingernails.
You are carnivorous and can eat meat at any time.
Your flesh is cold resistant. (rC+)
You are immune to negative energy. (rN+++)
You do not regenerate when monsters are visible.
You are immune to unholy pain and torment.
You can survive without breathing.


Message History

* * * LOW HITPOINT WARNING * * *
You hit the hound.
The hound looks even sicker.
The hound is heavily wounded.
Eustachio hits you but does no damage. The hound bites you but does no damage.
The white imp laughs crazily.
The white imp hits you but does no damage.
You barely miss the hound.
The hound is heavily wounded.
The hound completely misses you. Eustachio barely misses you.
The iron imp hits you!
* * * LOW HITPOINT WARNING * * *
You hit Eustachio.
Eustachio looks as sick as possible!
Eustachio is severely wounded.
The white imp hits you but does no damage.
The hound closely misses you.
Eustachio mumbles some strange words.
Eustachio blinks!
The iron imp shouts, "Turn tail, thou grime-gilt tip-merry tiler!"
The iron imp hits you.
You die...

. #.# #......... .# ...#
#.......@ .# ...#
#....... .####...###
#......##
...........###.......#
........##......5J..
........# #.....5[## ###
........###...#.h5.#...#
................@.......
######....####..........
.................$......
#........#####..........
.....##.## ##...........
......#... #...#...#....
......# #.##..#######...
......###.....# ...
.....###......#


You could see Eustachio, a hound, a jelly, an iron imp, a white imp and an
ufetubus.

Vanquished Creatures
  A sky beast (D:5)
  An ogre (D:5)
  Blork the orc (D:5)
  A scorpion (D:5)
  6 crimson imps
  2 orc wizards
  2 orc priests (D:4)
  Terence (D:2)
  Jessica (D:2)
  A worker ant (D:4)
  4 adders
  A worm (D:2)
  2 dart slugs
  A leopard gecko (D:2)
  9 orcs
  A ball python (D:2)
  3 bats
  4 giant cockroaches
  3 goblins
  2 hobgoblins
  2 jackals (D:4)
  11 kobolds
  3 quokkas
  8 frilled lizards
  A leopard gecko skeleton (D:4)
  8 rats
80 creatures vanquished.

Notes
Turn   | Place    | Note
-------+----------+-------------------------------------------
     0 | D:1      | Borgoz the Ghoul Enchanter began the quest for the Orb.
     0 | D:1      | Reached XP level 1. HP: 14/14 MP: 2/2
    35 | D:1      | Reached skill level 1 in Short Blades
   227 | D:1      | Reached XP level 2. HP: 13/22 MP: 3/3
   232 | D:1      | Learned a level 2 spell: Ensorcelled Hibernation
   955 | D:2      | Reached skill level 1 in Fighting
   990 | D:2      | Reached XP level 3. HP: 11/28 MP: 4/4
  1793 | D:2      | Reached skill level 2 in Short Blades
  1793 | D:2      | Reached skill level 1 in Armour
  1817 | D:2      | Noticed Jessica
  1850 | D:2      | Killed Jessica
  1850 | D:2      | Reached XP level 4. HP: 34/35 MP: 3/5
  2069 | D:2      | Noticed Terence
  2080 | D:2      | Killed Terence
  2080 | D:2      | Reached XP level 5. HP: 33/41 MP: 6/6
  2646 | D:3      | Reached skill level 3 in Short Blades
  2690 | D:3      | Reached XP level 6. HP: 31/50 MP: 7/7
  2942 | D:3      | Found a stormy altar of Qazlal.
  3288 | D:4      | Noticed Menkaure
  3380 | D:5      | Entered Level 5 of the Dungeon
  3390 | D:5      | Noticed a sky beast
  3417 | D:5      | Killed a sky beast
  3417 | D:5      | Reached skill level 4 in Short Blades
  3417 | D:5      | Reached XP level 7. HP: 19/57 MP: 8/8
  3425 | D:5      | Noticed Blork the orc
  3682 | D:5      | Killed Blork the orc
  3924 | D:5      | Noticed Eustachio
  3948 | D:5      | HP: 1/58 [iron imp[Eustachio] (7)]
  3950 | D:5      | Slain by an iron imp

Skill      XL: |  1  2  3  4  5  6  7 |
---------------+----------------------+-----
Short Blades   | 1 2 3 4 |  4.9
Dodging        | 2 3 |  3.8
Fighting       | 1 2 3 |  3.9
Armour         | 1 2 3 |  3.2
Stealth        | |  3.2
Spellcasting   | |  1.7
Hexes          | |  2.4

Action                   |  1- 3 |  4- 6 |  7- 9 || total
-------------------------+-------+-------+-------++-------
Melee: Dagger            |   214 |   202 |    89 ||   505
 Cast: Corona            |     3 |       |       ||     3
  Use: Scroll            |     4 |     6 |       ||    10
       Potion            |       |       |     3 ||     3
 Stab: Sleeping          |     2 |     5 |       ||     7
  Eat: Chunk             |    19 |    19 |     4 ||    42
Armor: Robe              |     2 |       |       ||     2
       Ring mail         |    58 |    67 |    48 ||   173
       Leather armour    |       |     1 |       ||     1
Dodge: Dodged            |    95 |    88 |    64 ||   247
